 Dungeon Crawl Stone Soup version 0.29-a0-451-gfbfa424 (webtiles) character file.

Game seed: 15091349986892699212

63 Illumine the Poker (level 4, -8/37 HPs)
             Began as a Merfolk Berserker on May 19, 2022.
             Was a Believer of Trog.
             Mangled by a gnoll
             ... wielding a +0 halberd
             ... led by a gnoll shaman
              (12 damage)
             ... on level 2 of the Dungeon.
             The game lasted 00:01:28 (2768 turns).

Illumine the Poker (Merfolk Berserker)              Turns: 2768, Time: 00:01:28

Health: -8/37      AC:  2    Str: 19    XL:     4   Next: 10%
Magic:  4/4        EV: 17    Int:  6    God:    Trog [**....]
Gold:   94         SH:  0    Dex: 13    Spells: 3/3 levels left

rFire   . . .      SeeInvis .   a - +0 spear
rCold   . . .      Faith    .   (no shield)
rNeg    . . .      Spirit   .   b - +0 animal skin
rPois   .          Reflect  .   (no helmet)
rElec   .          Harm     .   (no cloak)
rCorr   .          Rampage  .   (no gloves)
Will    .....                   (no boots)
Stlth   +.........              (no amulet)
HPRegen 0.12/turn               h - +4 ring of evasion
MPRegen 0.09/turn               (no ring)

@: no status effects
A: (nimble swimmer 2), mertail
a: Renounce Religion, Berserk, Trog's Hand


You were on level 2 of the Dungeon.
You worshipped Trog.
Trog was pleased with you.
You visited 1 branch of the dungeon, and saw 3 of its levels.

You collected 94 gold pieces.

Inventory:

Hand Weapons
 a - a +0 spear (weapon)
Armour
 b - a +0 animal skin (worn)
Jewellery
 h - a +4 ring of evasion (left hand)
Scrolls
 c - 2 scrolls of fear {unknown}
 d - 2 scrolls of vulnerability {unknown}
 e - a scroll of enchant armour {unknown}
 f - a scroll of teleportation {unknown}
 g - a scroll of blinking {unknown}
 i - a scroll of magic mapping {unknown}
 k - a scroll of identify {unknown}
Potions
 j - a potion of magic {unknown}
 l - a potion of attraction {unknown}


   Skills:
 + Level 3.7 Fighting
 * Level 5.4 Polearms
 - Level 1.3 Armour
 + Level 3.7 Dodging


You had 3 spell levels left.
You didn't know any spells.
Your spell library was empty.

Dungeon Overview and Level Annotations

Branches:
Dungeon (3/15)

Altars:


Innate Abilities, Weirdness & Mutations

((You are very nimble when in or above water. (Stealth+, EV+, Speed+++)))
Your lower body shifts to a powerful aquatic tail in water.


Message History

There is a stone staircase leading down here.
You climb downwards.
Found a dagger.
Found a stone staircase leading down and a stone staircase leading up.
There is a stone staircase leading up here.
There are monsters nearby!
The gnoll shaman shouts!
The gnoll shouts! x2
The gnoll closely misses you.
There are monsters nearby!
You reach to attack!
You hit the gnoll shaman.
The gnoll shaman is lightly wounded.
There is a stone staircase leading up here.
The gnoll hits you from afar with a +0 spear.
The gnoll misses you.
You climb upwards.
There is a stone staircase leading down here.
HP restored.
There is a stone staircase leading down here.
You climb downwards.
There is a stone staircase leading up here.
The gnoll shaman calls upon its god to speed up the gnoll.
The gnoll seems to speed up.
The gnoll hits you from afar with a +0 halberd!
The gnoll completely misses you.
There is a stone staircase leading up here.
The gnoll completely misses you. The gnoll misses you.
You climb upwards.
There is a stone staircase leading down here.
You closely miss the gnoll. The gnoll barely misses you.
You closely miss the gnoll. The gnoll hits you with a +0 halberd!
You hit the gnoll.
The gnoll is heavily wounded.
The gnoll completely misses you. The gnoll hits you with a +0 halberd!
* * * LOW HITPOINT WARNING * * *
The gnoll closely misses you. The gnoll closely misses you.
Your legs become a tail as you enter the water.
The gnoll barely misses you.
The gnoll hits you from afar with a +0 halberd!
You die...

#...##.##........#
#......<.......#.#
#.#######......#..
#.# ########.#
#.###### #..
#.##...###########
#.##.....>.≈≈≈####
#.###≈.#.#..≈##...
#@###≈≈##..#..#.##
#..g..≈≈##.#.##.##
#####..≈..≈.....##
##.#.##≈.######
#≈≈≈..≈≈.# #
###≈.#≈..# #
#≈.≈≈.## # #.≈≈..#
##≈..##


You could see a gnoll (fast).

Vanquished Creatures
  2 adders (D:2)
  2 worms (D:2)
  3 ball pythons
  3 bats (D:1)
  3 endoplasms
  4 goblins
  5 hobgoblins
  4 kobolds
  3 quokkas (D:1)
  2 frilled lizards
  7 rats
38 creatures vanquished.

Notes
Turn   | Place    | Note
-------+----------+-------------------------------------------
     0 | D:1      | Illumine the Merfolk Berserker began the quest for the Orb.
     0 | D:1      | Reached XP level 1. HP: 18/18 MP: 1/1
   331 | D:1      | Found a faded altar of an unknown god.
   428 | D:1      | Reached XP level 2. HP: 22/24 MP: 2/2
  1326 | D:2      | Reached XP level 3. HP: 22/29 MP: 3/3
  1466 | D:2      | Reached skill level 5 in Polearms
  2194 | D:2      | Reached XP level 4. HP: 29/37 MP: 4/4
  2197 | D:2      | Reached ** piety under Trog
  2768 | D:2      | Mangled by a gnoll

Illustrated notes

Levels and vault maps discovered:
D:1:      elethiomel_arrival_maze, layout_basic, serial_forest,
          infiniplex_forest_straight_4, infiniplex_forest_clump_curved,
          infiniplex_forest_end_2, infiniplex_forest_diagonal,
          infiniplex_forest_join, infiniplex_forest_straight_2,
          infiniplex_forest_straight_4, infiniplex_forest_lined_corner,
          infiniplex_forest_straight_2, chequers_ecumenical_altar_twisty
D:2:      layout_loops_cross, chequers_serial_rivers_small_b
D:3:      cheibrodos_old_hovel, layout_rooms, nicolae_ru_awakened_eye

Skill      XL: |  1  2  3 |
---------------+----------+-----
Dodging        | 3 |  3.7
Polearms       | 5 |  5.4
Fighting       | |  3.7
Armour         | |  1.3

Action                   |  1- 3 |  4- 6 || total
-------------------------+-------+-------++-------
Melee: Spear             |   126 |    30 ||   156
       Punch             |     2 |       ||     2
Invok: Berserk           |     1 |       ||     1
 Stab: Sleeping          |     2 |     2 ||     4
Armor: Animal skin       |    11 |       ||    11
Dodge: Dodged            |    53 |    22 ||    75

Table legend: (Time is in decaauts)
 A = Elapsed time spent in this place.
 B = Non-inter-level travel time spent in this place.
 C = Inter-level travel time spent in this place.
 D = Time resting spent in this place.
 E = Time spent auto-exploring this place.
 F = Levels seen in this place.
 G = Mean time per level.
                   A        B        C        D        E       F      G
               +--------+--------+--------+--------+--------+-----+--------+
         Total |   2752 |   2649 |    103 |     77 |   2253 |   3 |  917.3 |
       Dungeon |   2752 |   2649 |    103 |     77 |   2253 |   3 |  917.3 |
               +--------+--------+--------+--------+--------+-----+--------+

Top non-repeatable levels by time:
     D:2: 1506 daAuts
     D:1: 1231 daAuts
     D:3: 14 daAuts
